AoeStats
← perromelocoton

MegaRandom

504266852Analyzed
1v1 RM · 27d ago on Sep 4, 2026· 28m 11s· 2 players
Game mode
Random Map
Map size
Tiny (2 player)
Population
200
Speed
Normal
Resources
Standard
Victory
Conquest
Starting age
Dark Age
Ending age
Imperial Age
RankedLock teamsTeams togetherTeam positionsShared explorationLock speedFull tech treeHidden civsTurbo modeCheats
Victory
Defeat
🇪🇸 Gurjaras · Spain
912
+15
🇪🇸 Aztecs · Spain
899
-42
Dario
13:11 Feudal Age
17:07 Horse Collar
19:28 Double-Bit Axe
23:22 Castle Age
perromelocoton
5:33 Loom
9:32 Feudal Age
12:07 Fishing Lines
13:10 Double-Bit Axe
15:28 Wheelbarrow
20:03 Castle Age
18:29 Scale Barding Armor
19:18 Bloodlines
21:15 Gillnets
21:58 Light Cavalry
23:31 Forging
24:23 Medium Warships
26:18 Husbandry
26:41 Chain Barding Armor
27:19 Horse Collar
Connection lost

Rejoining the realm…

Still unreachable

The connection could not be restored.

Session expired

The server has moved on; the page needs a fresh start.